 Dungeon Crawl Stone Soup version 0.28.0-43-g3370ac3207 (webtiles) character file.

Game seed: 7763018024527833516

2515 Ablot the Magician (level 9, -2/71 HPs)
             Began as a Gnoll Warper on Mar 5, 2022.
             Was a Believer of Okawaru.
             Slain by a yak (5 damage)
             ... on level 6 of the Dungeon.
             The game lasted 00:11:52 (7842 turns).

Ablot the Magician (Gnoll Warper)                   Turns: 7842, Time: 00:11:53

Health: -2/71      AC: 12    Str: 16    XL:     9   Next: 54%
Magic:  19/19      EV: 13    Int: 12    God:    Okawaru [**....]
Gold:   307        SH:  5    Dex: 17    Spells: 19/21 levels left

rFire   . . .      SeeInvis .   s - +2 short sword (elec)
rCold   . . .      Faith    .   n - +0 buckler
rNeg    . . .      Spirit   .   w - quicksilver dragon scales
rPois   .          Reflect  .   u - +0 helmet
rElec   .          Harm     .   (no cloak)
rCorr   .          Rampage  .   (no gloves)
Will    +....                   (no boots)
Stlth   ++........              (no amulet)
HPRegen 0.21/turn               j - +6 ring of dexterity
MPRegen 0.16/turn               g - ring of flight

@: flying
A: fangs 1, strong nose, distributed training
a: Renounce Religion, Heroism


You were on level 6 of the Dungeon.
You worshipped Okawaru.
Okawaru was pleased with you.
You visited 1 branch of the dungeon, and saw 7 of its levels.
You also visited: Sewer.

You collected 307 gold pieces.

Inventory:

Hand Weapons
 a - a +0 spear
 s - a +2 short sword of electrocution (weapon)
 E - a +0 hunting sling
 G - a +2 rapier of protection
 I - a +1 flail of holy wrath
Missiles
 d - 5 boomerangs of dispersal (quivered)
 e - 194 stones
 f - 94 sling bullets
 h - 90 arrows
 k - 64 bolts
Armour
 n - a +0 buckler (worn)
 u - a +0 helmet (worn)
 w - quicksilver dragon scales (worn)
Jewellery
 g - a ring of flight (right hand)
 j - a +6 ring of dexterity (left hand)
 r - a ring of fire
 z - a ring of protection from cold
 D - a ring of willpower
Wands
 q - a wand of flame (32)
 A - a wand of paralysis (20)
Scrolls
 c - 2 scrolls of blinking
 m - 5 scrolls of identify {unknown}
 o - 5 scrolls of teleportation {unknown}
 p - a scroll of noise {unknown}
 v - 2 scrolls of vulnerability {unknown}
 x - 4 scrolls of magic mapping {unknown}
 y - a scroll of enchant armour {unknown}
 B - a scroll of amnesia {unknown}
 F - a scroll of torment {unknown}
 H - 2 scrolls of enchant weapon {unknown}
 J - a scroll of holy word {unknown}
Potions
 b - a potion of haste
 i - 6 potions of brilliance {unknown}
 l - a potion of heal wounds {unknown}
 t - 5 potions of mutation {unknown}
 C - 2 potions of invisibility {unknown}


   Skills:
 + Level 6.4 Fighting
 + Level 4.3 Short Blades
 + Level 4.3 Long Blades
 + Level 4.3 Axes
 + Level 4.3 Maces & Flails
 + Level 6.4 Polearms
 + Level 4.3 Staves
 + Level 4.3 Slings
 + Level 4.3 Bows
 + Level 4.3 Crossbows
 + Level 5.1 Throwing
 + Level 5.1 Armour
 + Level 6.4 Dodging
 + Level 4.3 Stealth
 + Level 4.3 Shields
 + Level 4.3 Unarmed Combat
 + Level 6.7 Spellcasting
 + Level 3.5 Conjurations
 + Level 3.5 Hexes
 + Level 3.5 Summonings
 + Level 3.5 Necromancy
 + Level 6.6 Translocations
 + Level 3.5 Transmutations
 + Level 3.5 Fire Magic
 + Level 3.5 Ice Magic
 + Level 3.5 Air Magic
 + Level 3.5 Earth Magic
 + Level 3.5 Poison Magic
 + Level 4.8 Invocations
 + Level 4.3 Evocations


You had 19 spell levels left.
You knew the following spells:

 Your Spells              Type           Power      Damage    Failure   Level
a - Blink                 Tloc           38%        N/A       4%          2

Your spell library contained the following spells:

 Spells                   Type           Power      Damage    Failure   Level
 Gell's Gravitas          Tloc           19%        N/A       8%          3
 Lesser Beckoning         Tloc           19%        N/A       8%          3
 Teleport Other           Tloc           19%        N/A       8%          3
 Ozocubu's Armour         Ice            12%        N/A       26%         3
 Manifold Assault         Tloc           19%        N/A       58%         5
 Anguish                  Hex/Necr       6%         N/A       65%         4
 Enfeeble                 Hex            6%         N/A       100%        7
 Ozocubu's Refrigeration  Ice            6%         4d6       100%        7
 Tukima's Dance           Hex            Unusable   N/A       N/A         3

Dungeon Overview and Level Annotations

Branches:
Dungeon (7/15)              Sewer (visited)
 Temple: D:4-7

Altars:
Okawaru
Trog
Uskayaw
Zin

Shops:
D:4 *


Innate Abilities, Weirdness & Mutations

You have very sharp teeth.
Your uncanny sense of smell can sniff out nearby items.
Your experience applies equally to all skills.


Message History

Unknown command.
You fly upwards.
There is a stone staircase leading down here.
You hit the yak but do no damage. The yak gores you.
You hit the yak but do no damage. The yak gores you.
You hit the yak.
The yak is lightly wounded.
The yak gores you but does no damage.
You hit the yak.
The yak is moderately wounded.
The yak barely misses you.
You closely miss the yak.
The yak is moderately wounded.
The yak gores you.
You hit the yak but do no damage.
The yak is moderately wounded.
The yak gores you.
You hit the yak but do no damage.
The yak is moderately wounded.
The yak gores you but does no damage.
You barely miss the yak.
The yak is moderately wounded.
You hit the yak.
The yak is moderately wounded.
The yak gores you!
You hit the yak.
The yak is moderately wounded.
The yak gores you!
* * * LOW HITPOINT WARNING * * *
You hit the yak. You bite the yak, but do no damage.
The yak is moderately wounded.
The yak gores you!
* * * LOW HITPOINT WARNING * * *
You hit the yak. Your bite misses the yak.
The yak is heavily wounded.
The yak gores you!
* * * LOW HITPOINT WARNING * * *
You can't go up here!
The yak gores you.
You die...

#...# ########......#.#.#
#######...# #......#.#..
.........## #......#.###
########## ##############....
.....# ##.#.#.#.#.#.#.#.#. .....#
#.................# .....#
##.#.#.#.#.#.#.#.## .....#
#..Y............... .....#
###@#.#.#.#.#.#.#.#. .....#
#...................
.....#########.#.#.#.#.#.#.#.#.#.
.....'.......)..................<
.....######.####.#.#.#.#.#.#.#.#.
###### ####.# #..................
# #....# ##.#.#.#.#.#.#.#.##
########'#### #######.#######...
.....<......# #.### ##..


You could see a yak.

Vanquished Creatures
  Sigmund (D:5)
  A wyvern (D:6)
  A steam dragon (D:6)
  Edmund (D:5)
  A water moccasin (D:5)
  Pargi (Sewer)
  A hornet zombie (D:6)
  A black bear (D:5)
  A necrophage (D:5)
  An ice beast (D:6)
  A centaur (D:5)
  3 ogres
  A bullfrog (D:6)
  A water moccasin skeleton (D:5)
  2 howler monkeys (D:7)
  5 hounds
  A jelly (D:5)
  3 orc priests
  5 iguanas
  A bullfrog skeleton (D:5)
  Natasha (thrice) (D:2)
  4 orc wizards
  4 gnolls
  13 adders
  A white imp (D:5)
  2 ufetubi (D:5)
  3 worms
  17 orcs
  9 bats
  6 endoplasms
  6 giant cockroaches
  14 goblins
  6 hobgoblins
  3 jackals (D:3)
  5 kobolds
  A quokka (D:1)
  3 ball pythons
  2 frilled lizards (D:1)
  3 rats
138 creatures vanquished.

Notes
Turn   | Place    | Note
-------+----------+-------------------------------------------
     0 | D:1      | Ablot the Gnoll Warper began the quest for the Orb.
     0 | D:1      | Reached XP level 1. HP: 20/20 MP: 6/6
   120 | D:1      | Found a faded altar of an unknown god.
   214 | D:1      | Reached XP level 2. HP: 26/26 MP: 7/7
   219 | D:1      | Learned a level 2 spell: Blink
  1107 | D:2      | Reached skill level 5 in Spellcasting
  1107 | D:2      | Reached XP level 3. HP: 22/31 MP: 7/9
  1496 | D:2      | Reached skill level 1 in Invocations
  1632 | D:2      | Reached skill level 1 in Short Blades
  1632 | D:2      | Reached skill level 1 in Long Blades
  1632 | D:2      | Reached skill level 1 in Axes
  1632 | D:2      | Reached skill level 1 in Maces & Flails
  1632 | D:2      | Reached skill level 1 in Staves
  1632 | D:2      | Reached skill level 1 in Slings
  1632 | D:2      | Reached skill level 1 in Bows
  1632 | D:2      | Reached skill level 1 in Crossbows
  1632 | D:2      | Reached skill level 1 in Stealth
  1632 | D:2      | Reached skill level 1 in Shields
  1632 | D:2      | Reached skill level 1 in Unarmed Combat
  1632 | D:2      | Reached skill level 1 in Evocations
  1683 | D:2      | Reached XP level 4. HP: 35/38 MP: 11/11
  1917 | D:2      | Noticed Natasha
  1927 | D:2      | Killed Natasha
  1928 | D:2      | Reached skill level 1 in Conjurations
  1928 | D:2      | Reached skill level 1 in Hexes
  1928 | D:2      | Reached skill level 1 in Summonings
  1928 | D:2      | Reached skill level 1 in Necromancy
  1928 | D:2      | Reached skill level 1 in Transmutations
  1928 | D:2      | Reached skill level 1 in Fire Magic
  1928 | D:2      | Reached skill level 1 in Ice Magic
  1928 | D:2      | Reached skill level 1 in Air Magic
  1928 | D:2      | Reached skill level 1 in Earth Magic
  1928 | D:2      | Reached skill level 1 in Poison Magic
  2000 | D:2      | Noticed Natasha
  2012 | D:2      | Killed Natasha
  2019 | D:2      | Noticed Natasha
  2025 | D:2      | Killed Natasha
  2026 | D:2      | Reached XP level 5. HP: 19/43 MP: 12/12
  2836 | D:3      | Found a glowing drain.
  2841 | Sewer    | Entered a sewer
  2879 | Sewer    | Noticed Pargi
  2894 | Sewer    | Killed Pargi
  2895 | Sewer    | Reached XP level 6. HP: 34/50 MP: 14/14
  3556 | D:4      | Reached skill level 5 in Fighting
  3556 | D:4      | Reached skill level 5 in Polearms
  3556 | D:4      | Reached skill level 5 in Dodging
  3775 | D:4      | Reached XP level 7. HP: 31/53 MP: 15/15
  4362 | D:4      | Found an iron altar of Okawaru.
  4363 | D:4      | Found a bloodstained altar of Trog.
  4372 | D:4      | Became a worshipper of Warmaster Okawaru
  4408 | D:4      | Found Zin's Purification Station.
  4409 | D:4      | Found a glowing silver altar of Zin.
  4776 | D:5      | Entered Level 5 of the Dungeon
  5088 | D:5      | Reached * piety under Okawaru
  5145 | D:5      | Reached XP level 8. HP: 62/63 MP: 16/16
  5634 | D:5      | Reached ** piety under Okawaru
  5885 | D:5      | Noticed Sigmund
  5899 | D:5      | Killed Sigmund
  6184 | D:5      | Noticed Edmund
  6203 | D:5      | Killed Edmund
  6258 | D:5      | Reached XP level 9. HP: 31/69 MP: 18/18
  6846 | D:6      | Reached skill level 5 in Throwing
  6846 | D:6      | Reached skill level 5 in Armour
  7795 | D:7      | Found a hide-covered altar of Uskayaw.
  7841 | D:6      | HP: 3/71 [yak (8)]
  7842 | D:6      | Slain by a yak

Illustrated notes

Levels and vault maps discovered:
D:1:      dpeg_arrival_rhombi, layout_basic, basic_ecumenical_altar
D:2:      minmay_spotlight, layout_basic, serial_rivers,
          chequers_serial_rivers_micro_d, chequers_serial_rivers_large_b,
          chequers_serial_rivers_marsh, chequers_serial_rivers_large_a,
          nrook_uturn, hangedman_decor_riveting, minmay_tetromino_o4,
          uniq_natasha
D:3:      layout_basic, portal_sewer_entry_e
D:4:      layout_loops_corners, zin_purify, grunt_temple_overflow_bloody_war,
          minmay_ogre_servants
D:5:      minmay_octagon_keep, layout_basic, minivault_27, uniq_edmund,
          uniq_sigmund
D:6:      layout_basic, st_stairs_11, corexii_leaking_fountain,
          eino_small_chamber_without_monster, solitary_fountain,
          grunt_ministairs_4, kennysheep_donut, kennysheep_generic_room_16
D:7:      layout_loops_ring, mainiacjoe_overflow_catch_the_wave,
          minmay_temple_entry_junction

Skill      XL: |  1  2  3  4  5  6  7  8  9 |
---------------+----------------------------+-----
Spellcasting   | 5 6 |  6.7
Invocations    | 1 2 3 4 |  4.8
Short Blades   | 1 2 3 4 |  4.3
Long Blades    | 1 2 3 4 |  4.3
Axes           | 1 2 3 4 |  4.3
Maces & Flails | 1 2 3 4 |  4.3
Staves         | 1 2 3 4 |  4.3
Slings         | 1 2 3 4 |  4.3
Bows           | 1 2 3 4 |  4.3
Crossbows      | 1 2 3 4 |  4.3
Stealth        | 1 2 3 4 |  4.3
Shields        | 1 2 3 4 |  4.3
Unarmed Combat | 1 2 3 4 |  4.3
Evocations     | 1 2 3 4 |  4.3
Conjurations   | 1 2 3 |  3.5
Hexes          | 1 2 3 |  3.5
Summonings     | 1 2 3 |  3.5
Necromancy     | 1 2 3 |  3.5
Transmutations | 1 2 3 |  3.5
Fire Magic     | 1 2 3 |  3.5
Ice Magic      | 1 2 3 |  3.5
Air Magic      | 1 2 3 |  3.5
Earth Magic    | 1 2 3 |  3.5
Poison Magic   | 1 2 3 |  3.5
Throwing       | 3 4 5 |  5.1
Armour         | 3 4 5 |  5.1
Fighting       | 5 6 |  6.4
Polearms       | 5 6 |  6.4
Dodging        | 5 6 |  6.4
Translocations | 6 |  6.6

Action                   |  1- 3 |  4- 6 |  7- 9 || total
-------------------------+-------+-------+-------++-------
Melee: Spear             |    11 |       |       ||    11
       Short sword       |    63 |   146 |   357 ||   566
       Punch             |     2 |       |       ||     2
       Bite              |     8 |    19 |    44 ||    71
Invok: Heroism           |       |       |     4 ||     4
 Stab: Sleeping          |       |     1 |     1 ||     2
Armor: Leather armour    |    20 |     6 |       ||    26
       Quicksilver drago |       |    61 |   112 ||   173
Dodge: Dodged            |    48 |    85 |   187 ||   320
Block: Buckler           |     1 |    22 |    89 ||   112
